| TOP OF THE 1ST |
|
Bowling Green Hot Rods batting - Pitching for Beloit Snappers : RHP Terry Evans
|
|
Pitching: RHP Terry Evans
|
|
|
Batting: RHB Kunizo Yanagisawa
|
0-0: Ball 1-0: Swinging Strike 1-1: Fly out, F4 (Popup, 4MD, EV 55.0 MPH)
|
|
Batting: SHB Wayne Hattan
|
0-0: Ground out 6-3 (Groundball, 6, EV 88.1 MPH)
|
|
Batting: LHB Mario Ocana
|
0-0: Called Strike 0-1: Ball 1-1: Called Strike 1-2: Strikes out swinging
|
| Top of the 1st over - 0 runs, 0 hits, 0 errors, 0 left on base; Bowling Green 0 - Beloit 0 |
| BOTTOM OF THE 1ST |
|
Beloit Snappers batting - Pitching for Bowling Green Hot Rods : RHP Julio Trejo
|
|
Pitching: RHP Julio Trejo
|
|
|
Batting: RHB Andrew Nicol
|
0-0: Ball 1-0: Ball 2-0: Called Strike 2-1: Ball 3-1: DOUBLE (Line Drive, 9LS, EV 96.2 MPH)
|
|
Batting: RHB Min-chin Yi
|
0-0: Ball 1-0: Ball Wild Pitch! Andrew Nicol to third 2-0: Foul Ball, location: 2F 2-1: 2-RUN HOME RUN (Flyball, 7LD, EV 93.8 MPH), Distance : 337 ft
|
|
Batting: LHB Alan Bianchard
|
0-0: Called Strike 0-1: Swinging Strike 0-2: Ground out 5-3 (Groundball, 56, EV 81.2 MPH)
|
|
Batting: LHB Felipe Gomez
|
0-0: Foul Ball, location: 2F 0-1: Swinging Strike 0-2: Strikes out swinging
|
|
Batting: LHB Robert Wilkins
|
0-0: Swinging Strike 0-1: Ball 1-1: Hit by Pitch
|
|
Pinch Runner at 1st Miguel Maymi:
|
|
|
Batting: RHB Emiel Schlepers
|
0-0: Hit by Pitch Miguel Maymi to second
|
|
Batting: SHB Ivan Barry
|
0-0: Foul Ball, location: 2F 0-1: Ball 1-1: Ball 2-1: Swinging Strike 2-2: Ball 3-2: Foul Ball, location: 2F 3-2: Base on Balls Miguel Maymi to third Emiel Schlepers to second
|
|
Batting: RHB Clay Statum
|
0-0: Called Strike 0-1: Foul Ball, location: 2F 0-2: Foul Ball, location: 2F 0-2: Ball 1-2: Ball 2-2: Ball 3-2: SINGLE (Line Drive, 5L, EV 111.9 MPH) Miguel Maymi scores Emiel Schlepers to third Ivan Barry to second Emiel Schlepers scores Ivan Barry to third
|
|
Batting: RHB Don Burt
|
0-0: Ball 1-0: Called Strike 1-1: Ball 2-1: Foul Ball, location: 2F 2-2: Foul Ball, location: 2F 2-2: Strikes out swinging
|
| Bottom of the 1st over - 4 runs, 3 hits, 0 errors, 2 left on base; Bowling Green 0 - Beloit 4 |
| TOP OF THE 2ND |
|
Bowling Green Hot Rods batting - Pitching for Beloit Snappers : RHP Terry Evans
|
|
Now at 3B: Miguel Maymi
|
|
|
Batting: LHB Sean Banks
|
0-0: Ball 1-0: Ball 2-0: Called Strike 2-1: Ball 3-1: Base on Balls
|
|
Batting: LHB Jimmy Detrie
|
0-0: Ball 1-0: Ball 2-0: Swinging Strike 2-1: Called Strike 2-2: Foul Ball, location: 2F 2-2: Strikes out swinging
|
|
Batting: RHB Jim Erdody
|
0-0: Ball 1-0: Grounds into double play, 5-4-3 (Groundball, 56S, EV 88.1 MPH)
|
| Top of the 2nd over - 0 runs, 0 hits, 0 errors, 0 left on base; Bowling Green 0 - Beloit 4 |
| BOTTOM OF THE 2ND |
|
Beloit Snappers batting - Pitching for Bowling Green Hot Rods : RHP Julio Trejo
|
|
Batting: RHB Andrew Nicol
|
0-0: Ball 1-0: Ball 2-0: Ball 3-0: Base on Balls
|
|
Batting: RHB Min-chin Yi
|
0-0: Called Strike 0-1: Grounds into double play, 6-4-3 (Groundball, 6D, EV 105.0 MPH)
|
|
Batting: LHB Alan Bianchard
|
0-0: Ball 1-0: Foul Ball, location: 2F 1-1: Foul Ball, location: 2F 1-2: Ball 2-2: Strikes out swinging
|
| Bottom of the 2nd over - 0 runs, 0 hits, 0 errors, 0 left on base; Bowling Green 0 - Beloit 4 |
| TOP OF THE 3RD |
|
Bowling Green Hot Rods batting - Pitching for Beloit Snappers : RHP Terry Evans
|
|
Batting: RHB Jason Penfield
|
0-0: Foul Ball, location: 2F 0-1: Ball 1-1: Ball 2-1: Foul Ball, location: 2F 2-2: Fly out, F7 (Flyball, 7, EV 88.1 MPH)
|
|
Batting: RHB Jesse Haddad
|
0-0: Ball 1-0: Ball 2-0: Ground out 6-3 (Groundball, 6, EV 104.4 MPH)
|
|
Batting: RHB Bazyli Andrysiak
|
0-0: Ball 1-0: Fly out, F3 (Popup, 3, EV 56.9 MPH)
|
| Top of the 3rd over - 0 runs, 0 hits, 0 errors, 0 left on base; Bowling Green 0 - Beloit 4 |
| BOTTOM OF THE 3RD |
|
Beloit Snappers batting - Pitching for Bowling Green Hot Rods : RHP Julio Trejo
|
|
Batting: LHB Felipe Gomez
|
0-0: Ball 1-0: Swinging Strike 1-1: Swinging Strike 1-2: Foul Ball, location: 2F 1-2: Foul Ball, location: 2F 1-2: Ball 2-2: Ball 3-2: Ground out U3 (Groundball, 3, EV 85.6 MPH)
|
|
Batting: LHB Miguel Maymi
|
0-0: Called Strike 0-1: Ball 1-1: Fly out, F2 (Popup, 2LF, EV 95.0 MPH)
|
|
Batting: RHB Emiel Schlepers
|
0-0: Called Strike 0-1: Called Strike 0-2: Fly out, F9 (Flyball, 9, EV 88.1 MPH)
|
| Bottom of the 3rd over - 0 runs, 0 hits, 0 errors, 0 left on base; Bowling Green 0 - Beloit 4 |
| TOP OF THE 4TH |
|
Bowling Green Hot Rods batting - Pitching for Beloit Snappers : RHP Terry Evans
|
|
Batting: RHB Kunizo Yanagisawa
|
0-0: Ball 1-0: Ball 2-0: Ground out 5-3 (Groundball, 5, EV 105.6 MPH)
|
|
Batting: SHB Wayne Hattan
|
0-0: Ground out 4-3 (Groundball, 4, EV 84.4 MPH)
|
|
Batting: LHB Mario Ocana
|
0-0: Ball 1-0: Ball 2-0: Ball 3-0: Called Strike 3-1: Foul Ball, location: 2F 3-2: Strikes out swinging
|
| Top of the 4th over - 0 runs, 0 hits, 0 errors, 0 left on base; Bowling Green 0 - Beloit 4 |
| BOTTOM OF THE 4TH |
|
Beloit Snappers batting - Pitching for Bowling Green Hot Rods : RHP Julio Trejo
|
|
Batting: SHB Ivan Barry
|
0-0: Called Strike 0-1: Foul Ball, location: 2F 0-2: Strikes out swinging
|
|
Batting: RHB Clay Statum
|
0-0: DOUBLE (Line Drive, 3D, EV 93.8 MPH)
|
|
Batting: RHB Don Burt
|
0-0: Ball 1-0: Ball 2-0: Fly out, F8 (Flyball, 8LS, EV 81.2 MPH) Lined into DP, 8-4 (Flyball, 8LS, EV 81.2 MPH)
|
| Bottom of the 4th over - 0 runs, 1 hit, 0 errors, 0 left on base; Bowling Green 0 - Beloit 4 |
| TOP OF THE 5TH |
|
Bowling Green Hot Rods batting - Pitching for Beloit Snappers : RHP Terry Evans
|
|
Batting: LHB Sean Banks
|
0-0: Ball 1-0: Ball 2-0: Called Strike 2-1: Swinging Strike 2-2: Ground out 6-3 (Groundball, 6, EV 101.2 MPH)
|
|
Batting: LHB Jimmy Detrie
|
0-0: Foul Ball, location: 2F 0-1: Ball 1-1: Called Strike 1-2: Ground out 6-3 (Groundball, 6, EV 88.8 MPH)
|
|
Batting: RHB Jim Erdody
|
0-0: SINGLE (Groundball, 56D, EV 98.1 MPH)
|
|
Batting: RHB Jason Penfield
|
0-0: Ball 1-0: Foul Ball, location: 2F 1-1: Foul Ball, location: 2F 1-2: Strikes out swinging
|
| Top of the 5th over - 0 runs, 1 hit, 0 errors, 1 left on base; Bowling Green 0 - Beloit 4 |
| BOTTOM OF THE 5TH |
|
Beloit Snappers batting - Pitching for Bowling Green Hot Rods : RHP Julio Trejo
|
|
Batting: RHB Andrew Nicol
|
0-0: Called Strike 0-1: Ground out 6-3 (Groundball, 6, EV 85.0 MPH)
|
|
Batting: RHB Min-chin Yi
|
0-0: Ball 1-0: Foul Ball, location: 2F 1-1: SINGLE (Line Drive, 34D, EV 93.8 MPH)
|
|
Batting: LHB Alan Bianchard
|
0-0: Called Strike 0-1: Fly out, F8 (Flyball, 8RM, EV 88.1 MPH)
|
|
Batting: LHB Felipe Gomez
|
Pickoff Play to 1st, Runner tries for 2nd, OUT after rundown.
|
| Bottom of the 5th over - 0 runs, 1 hit, 0 errors, 0 left on base; Bowling Green 0 - Beloit 4 |
| TOP OF THE 6TH |
|
Bowling Green Hot Rods batting - Pitching for Beloit Snappers : RHP Terry Evans
|
|
Batting: RHB Jesse Haddad
|
0-0: Ball 1-0: Called Strike 1-1: Foul Ball, location: 2F 1-2: Strikes out swinging
|
|
Batting: RHB Bazyli Andrysiak
|
0-0: Ground out 4-3 (Groundball, 4S, EV 80.6 MPH)
|
|
Batting: RHB Kunizo Yanagisawa
|
0-0: Ball 1-0: Called Strike 1-1: Foul Ball, location: 2F 1-2: Foul Ball, location: 2F 1-2: Ball 2-2: Foul Ball, location: 2F 2-2: Ball 3-2: Base on Balls
|
|
Batting: SHB Wayne Hattan
|
0-0: Called Strike 0-1: Foul Ball, location: 2F 0-2: Strikes out swinging
|
| Top of the 6th over - 0 runs, 0 hits, 0 errors, 1 left on base; Bowling Green 0 - Beloit 4 |
| BOTTOM OF THE 6TH |
|
Beloit Snappers batting - Pitching for Bowling Green Hot Rods : RHP Julio Trejo
|
|
Batting: LHB Felipe Gomez
|
0-0: Called Strike 0-1: Ground out U3 (Groundball, 34S, EV 83.1 MPH)
|
|
Batting: LHB Miguel Maymi
|
0-0: Ball 1-0: Ground out U3 (Groundball, 3, EV 85.6 MPH)
|
|
Batting: RHB Emiel Schlepers
|
0-0: Ball 1-0: SINGLE (Flyball, 7, EV 89.4 MPH)
|
|
Batting: SHB Ivan Barry
|
0-0: Ball 1-0: Ball 2-0: Foul Ball, location: 2F 2-1: Ball 3-1: Base on Balls Emiel Schlepers to second
|
|
Batting: RHB Clay Statum
|
0-0: Ball 1-0: Ball 2-0: Called Strike 2-1: Ball 3-1: Called Strike 3-2: DOUBLE (Groundball, 5L, EV 100.0 MPH) Emiel Schlepers scores Ivan Barry to third Ivan Barry scores
|
|
Pitching: RHP Josh Heath
|
|
|
Batting: RHB Don Burt
|
0-0: Ball 1-0: Swinging Strike 1-1: Foul Ball, location: 2F 1-2: Strikes out swinging
|
| Bottom of the 6th over - 2 runs, 2 hits, 0 errors, 1 left on base; Bowling Green 0 - Beloit 6 |
| TOP OF THE 7TH |
|
Bowling Green Hot Rods batting - Pitching for Beloit Snappers : RHP Terry Evans
|
|
Batting: LHB Mario Ocana
|
0-0: Ball 1-0: Ball 2-0: Ball 3-0: Called Strike 3-1: Base on Balls
|
|
Batting: LHB Sean Banks
|
0-0: Ball 1-0: Called Strike 1-1: Swinging Strike 1-2: Ball 2-2: Strikes out swinging
|
|
Batting: LHB Jimmy Detrie
|
0-0: Called Strike Mario Ocana steals 2nd base 0-1: Foul Ball, location: 2F 0-2: Ground out 5-3 (Groundball, 5L, EV 109.4 MPH)
|
|
Batting: RHB Jim Erdody
|
0-0: Ball 1-0: Called Strike 1-1: Swinging Strike 1-2: Ball 2-2: Strikes out looking
|
| Top of the 7th over - 0 runs, 0 hits, 0 errors, 1 left on base; Bowling Green 0 - Beloit 6 |
| BOTTOM OF THE 7TH |
|
Beloit Snappers batting - Pitching for Bowling Green Hot Rods : RHP Josh Heath
|
|
Batting: RHB Andrew Nicol
|
0-0: Called Strike 0-1: Called Strike 0-2: Ball 1-2: Foul Ball, location: 2F 1-2: Foul Ball, location: 2F 1-2: Foul Ball, location: 2F 1-2: Foul Ball, location: 2F 1-2: Ball 2-2: Foul Ball, location: 2F 2-2: Foul Ball, location: 2F 2-2: Foul Ball, location: 2F 2-2: Ball 3-2: Foul Ball, location: 2F 3-2: DOUBLE (Line Drive, 7LS, EV 93.1 MPH)
|
|
Batting: RHB Min-chin Yi
|
0-0: Called Strike 0-1: Foul Ball, location: 2F 0-2: Ball 1-2: Ball 2-2: Strikes out swinging
|
|
Batting: LHB Alan Bianchard
|
0-0: Called Strike 0-1: Swinging Strike 0-2: Strikes out swinging
|
|
Batting: LHB Felipe Gomez
|
0-0: Called Strike 0-1: Ball 1-1: Foul Ball, location: 2F 1-2: Ball 2-2: Strikes out looking
|
| Bottom of the 7th over - 0 runs, 1 hit, 0 errors, 1 left on base; Bowling Green 0 - Beloit 6 |
| TOP OF THE 8TH |
|
Bowling Green Hot Rods batting - Pitching for Beloit Snappers : RHP Terry Evans
|
|
Batting: RHB Jason Penfield
|
0-0: Ball 1-0: Ball 2-0: Called Strike 2-1: Ground out 6-3 (Groundball, 6, EV 107.5 MPH)
|
|
Batting: RHB Jesse Haddad
|
0-0: Called Strike 0-1: Ball 1-1: Swinging Strike 1-2: Ball 2-2: Ball 3-2: Foul Ball, location: 2F 3-2: Hit by Pitch
|
|
Pitching: RHP Juan Lucero
|
|
|
Batting: RHB Bazyli Andrysiak
|
0-0: Called Strike 0-1: Called Strike 0-2: Ball 1-2: Ball 2-2: Foul Ball, location: 2F 2-2: Foul Ball, location: 2F 2-2: Ball 3-2: Strikes out swinging
|
|
Batting: RHB Kunizo Yanagisawa
|
0-0: Ball 1-0: Fly out, F7 (Flyball, 7S, EV 95.6 MPH)
|
| Top of the 8th over - 0 runs, 0 hits, 0 errors, 1 left on base; Bowling Green 0 - Beloit 6 |
| BOTTOM OF THE 8TH |
|
Beloit Snappers batting - Pitching for Bowling Green Hot Rods : RHP Josh Heath
|
|
Batting: LHB Miguel Maymi
|
0-0: Called Strike 0-1: Swinging Strike 0-2: Ball 1-2: Ball 2-2: Foul Ball, location: 2F 2-2: Strikes out swinging
|
|
Batting: RHB Emiel Schlepers
|
0-0: Ball 1-0: Swinging Strike 1-1: Ground out 6-3 (Groundball, 6, EV 82.5 MPH)
|
|
Batting: SHB Ivan Barry
|
0-0: Ball 1-0: Foul Ball, location: 2F 1-1: Foul Ball, location: 2F 1-2: Ball 2-2: Ball 3-2: Foul Ball, location: 2F 3-2: Foul Ball, location: 2F 3-2: Ground out 4-3 (Groundball, 4, EV 108.8 MPH)
|
| Bottom of the 8th over - 0 runs, 0 hits, 0 errors, 0 left on base; Bowling Green 0 - Beloit 6 |
| TOP OF THE 9TH |
|
Bowling Green Hot Rods batting - Pitching for Beloit Snappers : RHP Juan Lucero
|
|
Batting: SHB Wayne Hattan
|
0-0: Ball 1-0: Fly out, F6 (Popup, 6MS, EV 66.9 MPH)
|
|
Batting: LHB Mario Ocana
|
0-0: Called Strike 0-1: Swinging Strike 0-2: Ball 1-2: Ball 2-2: Ball 3-2: Strikes out swinging
|
|
Batting: LHB Sean Banks
|
0-0: Ball 1-0: Foul Ball, location: 2F 1-1: Ball 2-1: Foul Ball, location: 2F 2-2: Strikes out swinging
|
| Top of the 9th over - 0 runs, 0 hits, 0 errors, 0 left on base; Bowling Green 0 - Beloit 6 |
|